 Dungeon Crawl Stone Soup version 0.28.0-45-g0d030f2227 (webtiles) character file.

Game seed: 13254679634439916976

1479 Peloso the Carver (level 8, -1/68 HPs)
             Began as a Minotaur Fighter on Apr 3, 2022.
             Slain by a gargoyle
             ... wielding a +0 flail
              (13 damage)
             ... on level 8 of the Dungeon.
             The game lasted 00:10:22 (6741 turns).

Peloso the Carver (Minotaur Fighter)                Turns: 6741, Time: 00:10:23

Health: -1/68      AC: 12    Str: 22    XL:     8   Next: 50%
Magic:  7/7        EV: 10    Int:  5    God:
Gold:   356        SH:  5    Dex: 11    Spells: 7/7 levels left

rFire   . . .      SeeInvis .   a - +0 long sword
rCold   . . .      Faith    .   c - +0 buckler
rNeg    . . .      Spirit   .   b - +0 scale mail
rPois   .          Reflect  .   (helmet restricted)
rElec   .          Harm     .   (no cloak)
rCorr   .          Rampage  .   (no gloves)
Will    +....                   (no boots)
Stlth   ..........              (no amulet)
HPRegen 0.21/turn               e - +4 ring of protection
MPRegen 0.10/turn               r - ring of willpower

@: no status effects
A: horns 2, retaliatory headbutt
a: no special abilities


You were on level 8 of the Dungeon.
You visited 2 branches of the dungeon, and saw 9 of its levels.
You also visited: Sewer.

You collected 356 gold pieces.

Inventory:

Hand Weapons
 a - a +0 long sword (weapon)
Armour
 b - a +0 scale mail (worn)
 c - a +0 buckler (worn)
Jewellery
 e - a +4 ring of protection (left hand)
 r - a ring of willpower (right hand)
 w - an amulet of faith
Scrolls
 f - 2 scrolls of teleportation
 h - 2 scrolls of magic mapping
 i - 2 scrolls of immolation
 j - a scroll of amnesia
 k - 3 scrolls of identify {unknown}
 n - a scroll of enchant armour {unknown}
 q - 2 scrolls of vulnerability {unknown}
 s - 2 scrolls of enchant weapon {unknown}
 u - 2 scrolls of noise {unknown}
 v - a scroll of fog {unknown}
 x - a scroll of fear {unknown}
Potions
 d - a potion of might
 g - 3 potions of mutation {unknown}
 l - 2 potions of curing {unknown}
 m - 2 potions of haste {unknown}
 p - a potion of attraction {unknown}
 t - a potion of invisibility {unknown}
 z - a potion of lignification {unknown}


   Skills:
 + Level 5.2 Fighting
 + Level 8.6 Long Blades
 + Level 7.5 Armour
 + Level 2.6 Dodging
 + Level 0.7 Stealth
 + Level 5.9 Shields


You had 7 spell levels left.
You didn't know any spells.
Your spell library contained the following spells:

 Spells                   Type           Power      Damage    Failure   Level
 Animate Skeleton         Necr           0%         N/A       85%         1
 Apportation              Tloc           0%         N/A       85%         1
 Freeze                   Ice            0%         1d3       85%         1
 Pain                     Necr           0%         1d4       85%         1
 Slow                     Hex            0%         N/A       85%         1
 Summon Small Mammal      Summ           0%         N/A       85%         1
 Corpse Rot               Necr/Air       0%         N/A       94%         2
 Poisonous Vapours        Pois/Air       0%         N/A       94%         2
 Sublimation of Blood     Necr           0%         N/A       94%         2
 Confusing Touch          Hex            0%         N/A       99%         3
 Frozen Ramparts          Ice            0%         1d2       99%         3
 Vampiric Draining        Necr           0%         2d6       99%         3
 Hailstorm                Conj/Ice       0%         3d3       100%        4
 Alistair's Intoxication  Tmut/Pois      0%         N/A       100%        5
 Necromutation            Tmut/Necr      0%         N/A       100%        8
 Death's Door             Necr           0%         N/A       100%        9


Dungeon Overview and Level Annotations

Branches:
Dungeon (8/15)             Temple (1/1) D:4           Sewer (visited)
   Lair: D:8-11

Altars:
Ashenzari
Cheibriados
Dithmenos
Elyvilon
Fedhas
Gozag
Kikubaaqudgha
Makhleb
Nemelex Xobeh
Ru
Sif Muna
Trog
Vehumet
Wu Jian
Xom
Yredelemnul
Zin
The Shining One

Annotations:
D:7 Joseph


Innate Abilities, Weirdness & Mutations

You have a pair of horns on your head.
You reflexively headbutt those who attack you in melee.


Message History

A bullfrog comes into view.
The gargoyle moves out of view.
You see here 17 gold pieces.
Found a leather armour.
Found 7 gold pieces.
The gargoyle hurls a stone arrow at you.
The stone arrow hits you.
Unknown command.
You hit the gargoyle but do no damage. The gargoyle hits you with a +0 flail!
The orc hits you but does no damage.
Unknown command.
You hit the gargoyle but do no damage. Your headbutt misses the gargoyle.
The bullfrog hits you but does no damage.
The orc hits you but does no damage.
The gargoyle hurls a stone arrow at you.
The stone arrow hits you!!
Unknown command.
You hit the gargoyle but do no damage.
You headbutt the gargoyle, but do no damage.
You block the bullfrog's attack. The gargoyle hits you with a +0 flail.
The orc hits you but does no damage.
The bullfrog hits you but does no damage.
You hit the gargoyle but do no damage.
The killer bee zombie hits you but does no damage.
The bullfrog hits you but does no damage.
The killer bee zombie closely misses you.
The orc barely misses you. The gargoyle hits you with a +0 flail!!
* * * LOW HITPOINT WARNING * * *
Unknown command.
You hit the gargoyle but do no damage.
The killer bee zombie hits you but does no damage.
The bullfrog hits you but does no damage. x2
The gargoyle barely misses you. You block the orc's attack.
The killer bee zombie hits you but does no damage.
Unknown command.
You hit the gargoyle but do no damage.
You headbutt the gargoyle, but do no damage.
The killer bee zombie hits you but does no damage.
You block the bullfrog's attack. The gargoyle hits you with a +0 flail!
You die...

.....#..................
..#..###................
..#... #................
. .....#...<............
.......#.......$....#[..
.......##....#..........
......###..###.....!....
##.# #.Fo9...... ..#
#..@#..?.#.
...##..Z#######
.........# .####.....#
....... ....... ..$....
.......


You could see a gargoyle, a bullfrog, an orc and a killer bee zombie.

Vanquished Creatures
  A black bear (D:5)
  Pargi (Sewer)
  2 ice beasts
  An ogre (D:6)
  A necrophage (D:6)
  4 centaurs
  2 scorpions
  A bullfrog zombie (D:6)
  2 jellies
  4 orc priests
  4 orc wizards
  Terence (D:3)
  3 gnolls (D:6)
  A howler monkey skeleton (D:7)
  An adder (D:5)
  An ufetubus (D:5)
  3 adder skeletons (D:4)
  2 worms (D:3)
  12 orcs
  5 endoplasms
  4 giant cockroaches
  8 goblins
  6 hobgoblins
  7 jackals
  2 quokkas
  5 ball pythons
  2 ball python skeletons (D:2)
  11 bats
  6 frilled lizards
  7 kobolds
  4 rats
114 creatures vanquished.

Notes
Turn   | Place    | Note
-------+----------+-------------------------------------------
     0 | D:1      | Peloso the Minotaur Fighter began the quest for the Orb.
     0 | D:1      | Reached XP level 1. HP: 19/19 MP: 0/0
   235 | D:1      | Reached XP level 2. HP: 26/26 MP: 1/1
   563 | D:1      | Reached XP level 3. HP: 28/33 MP: 2/2
   706 | D:1      | Found a faded altar of an unknown god.
  1042 | D:2      | Found a basalt altar of Yredelemnul.
  1508 | D:3      | Reached skill level 3 in Long Blades
  1573 | D:3      | Noticed Terence
  1586 | D:3      | Killed Terence
  1587 | D:3      | Reached skill level 1 in Dodging
  1587 | D:3      | Reached XP level 4. HP: 21/40 MP: 3/3
  1885 | D:3      | Found a sparkling altar of Nemelex Xobeh.
  2069 | D:4      | Noticed an ice beast
  2294 | D:3      | Killed an ice beast
  2295 | D:3      | Reached skill level 4 in Long Blades
  2295 | D:3      | Reached XP level 5. HP: 13/46 MP: 4/4
  2666 | D:4      | Found a staircase to the Ecumenical Temple.
  2683 | Temple   | Entered the Ecumenical Temple
  3741 | D:5      | Entered Level 5 of the Dungeon
  3755 | D:5      | Noticed a black bear
  3764 | D:5      | Killed a black bear
  3765 | D:5      | Reached skill level 5 in Long Blades
  3765 | D:5      | Reached skill level 5 in Armour
  3765 | D:5      | Reached XP level 6. HP: 52/52 MP: 5/5
  3840 | D:6      | Found a glowing drain.
  3851 | Sewer    | Entered a sewer
  3901 | Sewer    | Noticed Pargi
  3907 | Sewer    | Killed Pargi
  4022 | D:6      | Reached skill level 6 in Long Blades
  4022 | D:6      | Reached skill level 5 in Shields
  4022 | D:6      | Reached XP level 7. HP: 60/60 MP: 6/6
  4161 | D:6      | Found a sacrificial altar of Ru.
  4511 | D:5      | Reached skill level 7 in Long Blades
  4662 | D:5      | Found a glowing silver altar of Zin.
  4937 | D:5      | Found a bloodstained altar of Trog.
  5293 | D:6      | Found a glowing golden altar of the Shining One.
  5414 | D:6      | Got the Guide on Sinister Rites and Companions
  5487 | D:6      | Found a blossoming altar of Fedhas.
  5889 | D:7      | Reached skill level 5 in Fighting
  5889 | D:7      | Reached XP level 8. HP: 32/68 MP: 7/7
  6325 | D:7      | Reached skill level 8 in Long Blades
  6509 | D:7      | Noticed a two-headed ogre
  6511 | D:7      | Noticed Joseph
  6730 | D:8      | Noticed a gargoyle
  6741 | D:8      | Slain by a gargoyle

Illustrated notes

Levels and vault maps discovered:
D:1:      onia_arrival_pentagram, layout_basic, basic_ecumenical_altar
D:2:      layout_rooms, serial_undead, serial_undead_e, serial_undead_b,
          serial_undead_a, serial_undead_e, basic_altar, minmay_misc_feat_room
D:3:      layout_rooms, mainiacjoe_overflow_alcove_2, uniq_terence
D:4:      layout_basic, minmay_temple_entry_nine_rooms
D:5:      layout_rooms, trog_butcher_becter, nicolae_overflow_crystal_walls,
          minmay_misc_feat_tiny
D:6:      layout_basic, old_standard_altar, lemuel_doored_altar, tso_metal_star,
          cheibrodos_sewer_entry_drain
D:7:      kennysheep_housing_project, layout_basic,
          nicolae_qazlal_style_of_elements, serial_aquarium,
          aquarium_bridge_square [aquarium_subvault_wall,
          aquarium_subvault_bridge, aquarium_subvault_bridge,
          aquarium_subvault_balcony], aquarium_bridge_square
          [aquarium_subvault_bridge, aquarium_subvault_bridge,
          aquarium_subvault_window, aquarium_subvault_bridge],
          aquarium_window_3, aquarium_window_1, aquarium_view_2f,
          aquarium_balcony_1b, aquarium_pool_side, minmay_increasing_density,
          uniq_joseph
D:8:      layout_cave_pools, mainiacjoe_overflow_small_starburst, serial_shops,
          shop_statue
Temple:   hc_temple_tempest_star

Skill      XL: |  1  2  3  4  5  6  7  8 |
---------------+-------------------------+-----
Armour         | 4 5 6 7 |  7.5
Shields        | 4 5 |  5.9
Long Blades    | 3 4 5 6 7 8 |  8.6
Dodging        | 1 2 |  2.6
Fighting       | 4 5 |  5.2
Stealth        | |  0.7

Action                   |  1- 3 |  4- 6 |  7- 9 || total
-------------------------+-------+-------+-------++-------
Melee: Long sword        |   110 |    86 |   134 ||   330
       Headbutt          |    12 |    13 |    20 ||    45
  Use: Scroll            |       |     2 |     6 ||     8
Armor: Scale mail        |    74 |    67 |    99 ||   240
Dodge: Dodged            |    74 |    67 |    70 ||   211
Block: Buckler           |    31 |    29 |    35 ||    95
